 Dungeon Crawl Stone Soup version 0.27-a0-1006-g1fd4cec11e (webtiles) character file.

Game seed: 15454207361338066499

232155 tardwrangler69 the Earth Mage (level 18, -4/163 HPs)
             Began as a Grey Draconian Fire Elementalist on Apr 17, 2021.
             Was the Champion of Vehumet.
             Succumbed to a black mamba's poison
             ... on level 1 of the Snake Pit on Apr 18, 2021.
             The game lasted 01:41:24 (49386 turns).

tardwrangler69 the Earth Mage (DrFE)               Turns: 49386, Time: 01:41:25

Health: -4/163     AC:  0    Str: 11    XL:     18   Next: 81%
Magic:  32/32      EV: 19    Int: 21    God:    Vehumet [******]
Gold:   2730       SH:  0    Dex: 14    Spells: 1/37 levels left

rFire    . . .     SeeInvis .   (weapon currently unavailable)
rCold    . . .     Faith    .   (shield currently unavailable)
rNeg     . . .     Spirit   .   (armour unavailable)
rPois    .         Reflect  .   (helmet currently unavailable)
rElec    .         Harm     .   (cloak currently unavailable)
rCorr    .         Rampage  .   (gloves currently unavailable)
Will     +....                  (boots currently unavailable)
Stlth    ++........             L - amulet of magic regeneration
HPRegen  0.37/turn              (ring currently unavailable)
MPRegen  0.48/turn              (ring currently unavailable)

@: lethally poisoned (-4 -> -18), pig-form, slowed
A: fast, no casting, AC +15, small, unfitting armour, (unbreathing 2),
(cold-blooded)
}: 1/15 runes: decaying
a: Renounce Religion


You were on level 1 of the Snake Pit.
You worshipped Vehumet.
Vehumet was exalted by your worship.
You were a filthy swine.
You visited 7 branches of the dungeon, and saw 32 of its levels.

You collected 4707 gold pieces.
You spent 1977 gold pieces at shops.

Inventory:

Hand Weapons
 s - the +8 glaive of the Guard {elec, spectral, AC+5}
   (You found it on level 14 of the Dungeon)

   Occasionally, upon striking a foe, it can discharge electrical energy and
   cause terrible harm.
   When it strikes, its spirit leaps out and fights alongside the wielder.
   It affects your AC (+5).
 B - a +2 vampiric trident
Armour
 g - a +2 kite shield of resistance
 k - a +0 buckler of reflection (melded)
 n - a +2 pair of boots of stealth (melded)
 q - a +2 pair of gloves (melded)
 X - the +2 cloak "Rafuvit" (melded) {Drain rElec rF+ Int+4}
   (You found it on level 2 of the Elven Halls)

   It affects your intelligence (+4).
   It protects you from fire.
   It insulates you from electricity.
   It drains your maximum health when unequipped.
Magical Staves
 Y - a staff of earth (melded)
Jewellery
 e - a ring of poison resistance (melded)
 m - a ring of protection from cold
 r - an amulet of regeneration
 u - an amulet of reflection
 G - a ring of flight
 K - a +6 ring of intelligence (melded)
 L - an amulet of magic regeneration (around neck)
 M - a ring of protection from cold
 Q - a +4 ring of evasion
 R - a ring of protection from cold
 S - a ring of protection from fire
 Z - a ring of willpower
Wands
 a - a wand of acid (22)
 A - a wand of digging (11)
Scrolls
 c - 6 scrolls of magic mapping
 f - 7 scrolls of blinking
 j - 15 scrolls of enchant weapon
 p - 11 scrolls of teleportation
 y - 2 scrolls of fear
 C - 13 scrolls of identify
 D - a scroll of immolation
 F - 5 scrolls of enchant armour
 I - a scroll of amnesia
 T - 2 scrolls of fog
 V - a scroll of brand weapon
Potions
 b - 6 potions of brilliance
 d - 3 potions of ambrosia
 h - 2 potions of mutation
 i - 6 potions of haste
 l - 4 potions of might
 o - 10 potions of curing
 t - 4 potions of attraction
 v - 6 potions of heal wounds
 w - 5 potions of magic
 x - 3 potions of invisibility
 z - 3 potions of resistance
 E - 5 potions of lignification
 U - a potion of cancellation
 W - 2 potions of flight
Miscellaneous
 N - a piece from Xom's chessboard (15/15)
 O - a piece from Xom's chessboard (15/15)


   Skills:
 - Level 15.0 Fighting
 + Level 10.8 Staves
 - Level 10.0 Dodging
 - Level 1.7 Stealth
 - Level 4.0 Shields
 - Level 10.0 Spellcasting
 - Level 7.0 Conjurations
 - Level 18.0 Fire Magic
 + Level 19.3 Earth Magic


You had one spell level left.
You knew the following spells:

 Your Spells              Type           Power      Damage    Failure   Level
a - Iron Shot             Conj/Erth      30%        9d6       1%          6
b - Stone Arrow           Conj/Erth      100%       3d13      1%          3
c - Shatter               Erth           37%        3d30*     50%         9
e - Bolt of Magma         Conj/Fire/Erth 32%        4d14      1%          5
f - Lee's Rapid Deconstr  Erth           37%        3d20*     1%          5
g - Ignition              Fire           36%        3d11      7%          8

Your spell library contained the following spells:

 Spells                   Type           Power      Damage    Failure   Level
 Fire Storm               Conj/Fire      29%        8d7       100%        9
 Tornado                  Air            5%         N/A       100%        9
 Sandblast                Erth           100%       2d20      0%          1
 Foxfire                  Conj/Fire      100%       2x1d9     1%          1
 Freeze                   Ice            40%        1d6       1%          1
 Magic Dart               Conj           100%       1d8       1%          1
 Shock                    Conj/Air       100%       1d9       1%          1
 Animate Skeleton         Necr           20%        N/A       6%          1
 Beastly Appendage        Tmut           20%        N/A       6%          1
 Pain                     Necr           40%        1d6       6%          1
 Sting                    Tmut/Pois      40%        1d5       6%          1
 Summon Small Mammal      Summ           40%        N/A       6%          1
 Passwall                 Tmut/Erth      41%        N/A       1%          2
 Static Discharge         Conj/Air       25%        N/A       1%          2
 Conjure Flame            Conj/Fire      58%        6-21      1%          3
 Ignite Poison            Fire/Tmut/Pois 35%        N/A       1%          3
 Inner Flame              Hex/Fire       48%        N/A       1%          3
 Petrify                  Tmut/Erth      50%        N/A       1%          4
 Sticky Flame             Conj/Fire      58%        2d7       1%          4
 Fireball                 Conj/Fire      29%        3d13      1%          5
 Starburst                Conj/Fire      29%        8x6d9     1%          6
 Mephitic Cloud           Conj/Pois/Air  20%        N/A       2%          3
 Hailstorm                Conj/Ice       25%        3d7       4%          4
 Frozen Ramparts          Ice            20%        1d4       5%          3
 Blink                    Tloc           N/A        N/A       10%         2
 Call Imp                 Summ           10%        N/A       10%         2
 Poisonous Vapours        Pois/Air       20%        N/A       10%         2
 Slow                     Hex            10%        N/A       10%         2
 Wereblood                Tmut           10%        N/A       10%         2
 Lightning Bolt           Conj/Air       12%        1d26      11%         5
 Airstrike                Air            5%         N/A       17%         4
 Olgreb's Toxic Radiance  Pois           10%        N/A       17%         4
 Ozocubu's Armour         Ice            10%        N/A       19%         3
 Spider Form              Tmut/Pois      5%         N/A       19%         3
 Swiftness                Air            10%        N/A       19%         3
 Vampiric Draining        Necr           5%         2d6       19%         3
 Ice Form                 Ice/Tmut       10%        N/A       54%         4
 Passage of Golubria      Tloc           N/A        N/A       54%         4
 Agony                    Necr           10%        N/A       87%         5
 Hydra Form               Tmut           5%         N/A       87%         5
 Metabolic Englaciation   Hex/Ice        5%         N/A       87%         5
 Death Channel            Necr           5%         N/A       100%        6
 Invisibility             Hex            10%        N/A       100%        6


Dungeon Overview and Level Annotations

Branches:
Dungeon (15/15)            Temple (1/1) D:4            Lair (6/6) D:9
  Swamp (4/4) Lair:4        Snake (2/4) Lair:3        Slime (0/5) Lair:5
    Orc (2/2) D:10            Elf (2/3) Orc:2        Vaults (0/5) D:14
 Depths (0/5) D:15

Altars:
Ashenzari
Cheibriados
Dithmenos
Elyvilon
Fedhas
Gozag
Hepliaklqana
Kikubaaqudgha
Makhleb
Nemelex Xobeh
Okawaru
Qazlal
Ru
Sif Muna
Trog
Uskayaw
Vehumet
Wu Jian
Xom
Yredelemnul
Zin
The Shining One
Beogh

Shops:
D:5 ?   D:15 ?   Orc:2 *[?=   Elf:1 ?   Elf:2 ?   Snake:1 [   Snake:2 =?

Annotations:
D:10 exclusions: ugly thing and vampire, Sonja
D:13 1 runed translucent door
D:14 3 runed translucent doors, SJWr's ghost, journeyman TrMo; Xisuv's ghost, journeyman MiDe
D:15 Roxanne
Lair:5 exclusion: boulder beetle
Swamp:3 exclusion: downstairs
Snake:2 Kirke
Elf:2 5 runed translucent doors


Innate Abilities, Weirdness & Mutations

You are a filthy swine.
You move quickly.
Your equipment is almost entirely melded.
You are incapable of wielding weapons or throwing items.
You cannot cast spells.
((Your dull iron-grey scales are very hard. (AC +15)))
You cannot fit into any form of body armour.
((You can survive without breathing, even under water.))
((You are cold-blooded and may be slowed by cold attacks.))


Message History

Items here: ) [ ÷÷.
You feel sick. The black mamba closely misses you.
You feel sick. The black mamba closely misses you.
Your magical contamination has completely faded away.
You feel sick. The black mamba misses you.
Items here: ( )))) [[[.
You feel sick. The black mamba bites you.
You feel sick. The black mamba barely misses you.
You feel sick. The black mamba closely misses you.
You feel sick.
You are no longer poisoned.
The black mamba closely misses you. The black mamba completely misses you.
The black mamba barely misses you. The black mamba misses you.
The black mamba bites you.
You are poisoned.
The black mamba poisons you!
A salamander comes into view.
You feel very sick. The black mamba bites you!!
You are more poisoned.
The black mamba poisons you!
You see here a +0 club.
You feel extremely sick.
The salamander wields a +1 shortbow of flaming.
It bursts into flame!
The salamander shoots an arrow.
The arrow hits you!!
* * * LOW HITPOINT WARNING * * *
The arrow burns you.
* * * LOW HITPOINT WARNING * * *
The black mamba barely misses you.
You feel very sick.
There is a stone staircase leading up, spattered with blood here.
* * * LOW HITPOINT WARNING * * *
You feel extremely sick. The black mamba bites you!!
* * * LOW HITPOINT WARNING * * *
The black mamba closely misses you. x2
You climb upwards.
Reactivating autopickup.
You die...

.....# #........#.###.....§....
.....#####.######............≈.^.
.....'.....# #..........≈≈≈≈..
.....'.....# ###.##.....§≈≈≈≈≈
.....#####.# #.##....≈§§≈≈§≈
.....#####'## ###.##....§§≈≈≈≈≈
.......(....## #...##.....§§≈≈≈.
.............####....'.....§.≈...
..............'.hS####...........
...).........###### ##........§.
#...........## ##.........
############# ###....... #####...
####


You could see a black mamba.

Vanquished Creatures
  the Lernaean hydra (Swamp:4)
  Jorgrun (Swamp:1)
  A sphinx (D:13)
  A thorn hunter (Swamp:4)
  2 fire giants
  Louise (D:15)
  A deep elf demonologist (Elf:2)
  Nessos (D:14)
  Azrael (D:15)
  6 bunyips
  3 salamander tyrants
  3 deep elf death magi
  3 eleionomae
  2 shambling mangroves
  Erolcha (D:13)
  A fire dragon (D:14)
  2 yaktaur captains
  27 hydras
  11 anacondas
  A spriggan air mage (Swamp:4)
  7 ogre magi
  5 boulder beetles
  A death knight (D:14)
  2 naga warriors (Snake:1)
  4 catoblepae
  16 two-headed ogres
  11 alligators
  Erica (D:9)
  8 centaur warriors
  11 dancing weapons
  7 death yaks
  5 tengu warriors
  A deep troll earth mage (D:14)
  2 orc high priests
  5 naga sharpshooters
  Urug (D:12)
  11 deep elf knights
  4 shock serpents
  A titan skeleton (D:15)
  A spriggan berserker (Swamp:4)
  A hell knight (D:14)
  2 salamander mystics
  6 skeletal warriors
  8 goliath frogs
  2 fire crabs
  A sea snake (shapeshifter) (D:13)
  4 spriggan druids
  3 naga ritualists
  10 swamp dragons
  11 bog bodies
  5 deep elf archers
  An orange crystal statue (Elf:1)
  18 deep elf pyromancers
  A phantasmal warrior (D:15)
  12 deep elf zephyrmancers
  5 necromancers
  A stone giant zombie (D:15)
  A wolf spider (D:14)
  2 orc sorcerers
  An orb spider (shapeshifter) (D:14)
  7 manticores
  17 ugly things
  9 salamanders
  4 will-o-the-wisps
  6 mana vipers
  4 oklob plants
  4 cyclopes
  An elephant (D:9)
  Maurice (Orc:1)
  26 black mambas
  A guardian serpent (Lair:3)
  Maggie (D:10)
  5 naga magi
  12 cane toads
  A gargoyle (D:11)
  An unseen horror (D:11)
  9 komodo dragons
  3 efreet
  4 yaktaurs (D:14)
  A guardian mummy (D:15)
  A yaktaur (shapeshifter) (Elf:2)
  2 kobold demonologists
  6 trolls
  2 bloated husks
  A polar bear (Lair:3)
  A hornet (shapeshifter) (D:14)
  11 hornets
  4 blink frogs (Lair:4)
  9 tyrant leeches
  An ettin zombie (D:15)
  A raiju (shapeshifter) (D:14)
  2 air elementals (Elf:2)
  2 centaur simulacra
  A redback (D:14)
  3 shadows
  A vampire (D:11)
  A deep troll skeleton (D:15)
  2 wraiths
  3 water elementals (Elf:2)
  60 yaks
  8 spriggans
  6 wyverns
  A yak (shapeshifter) (D:14)
  2 fire elementals (D:15)
  6 basilisks
  A basilisk (shapeshifter) (D:11)
  3 hogs (Snake:2)
  12 vampire mosquitoes
  15 swamp worms
  3 large abominations (Elf:1)
  7 water moccasins
  2 wargs (Orc:1)
  17 nagas
  3 hell hounds (D:15)
  4 acid dragons
  A hornet zombie (D:6)
  9 swamp drakes
  22 orc warriors
  2 sky beasts
  An ice beast (D:8)
  14 wolves
  4 black bears
  37 ogres
  A phantom (D:6)
  8 centaurs
  2 kobold brigands
  3 elf zombies (Elf:1)
  2 gnoll sergeants
  2 earth elementals (Elf:2)
  5 scorpions
  13 bullfrogs
  A wyvern skeleton (D:7)
  A water moccasin skeleton (D:5)
  5 killer bees
  8 wights
  9 electric eels
  2 howler monkeys
  4 centaur zombies
  A bullfrog skeleton (D:6)
  18 orc priests
  4 hounds
  4 jellies
  7 centaur skeletons
  3 iguanas
  31 orc wizards
  A scorpion zombie (D:5)
  A killer bee zombie (D:4)
  2 hound skeletons (D:4)
  23 gnolls
  A howler monkey skeleton (D:4)
  A howler monkey zombie (D:9)
  10 adders
  A shadow imp (D:6)
  2 white imps (D:7)
  A howler monkey simulacrum (D:11)
  2 worms
  70 orcs
  5 bats
  4 endoplasms
  A giant cockroach (D:2)
  35 goblins
  32 hobgoblins
  7 jackals
  2 quokkas
  7 ball pythons
  2 frilled lizards
  21 kobolds
  7 rats
  2 butterflies (Lair:6)
1054 creatures vanquished.

Vanquished Creatures (collateral kills)
  13 foxfires
13 creatures vanquished.

Vanquished Creatures (others)
  A spriggan (Swamp:2)
  2006 foxfires
  28 fungi
  77 plants
  17 withered plants (D:15)
2129 creatures vanquished.

Grand Total: 3196 creatures vanquished

Notes
Turn   | Place    | Note
-------+----------+-------------------------------------------
     0 | D:1      | tardwrangler69 the Draconian Fire Elementalist began the
                  | quest for the Orb.
     0 | D:1      | Reached XP level 1. HP: 14/14 MP: 3/3
   439 | D:1      | Reached XP level 2. HP: 20/20 MP: 1/5
   962 | D:2      | Reached XP level 3. HP: 26/26 MP: 2/6
  1562 | D:3      | Found a glowing golden altar of the Shining One.
  1754 | D:3      | Reached XP level 4. HP: 31/33 MP: 1/8
  2379 | D:4      | Reached skill level 5 in Fire Magic
  2379 | D:4      | Reached XP level 5. HP: 38/38 MP: 3/9
  2984 | D:4      | Reached XP level 6. HP: 34/45 MP: 0/11
  3241 | D:4      | Found a sparkling altar of Nemelex Xobeh.
  3266 | D:4      | Found a staircase to the Ecumenical Temple.
  3290 | Temple   | Entered the Ecumenical Temple
  3384 | Temple   | Became a worshipper of Vehumet
  3624 | D:4      | Found a stormy altar of Qazlal.
  3735 | D:5      | Entered Level 5 of the Dungeon
  3787 | D:5      | Found Acuad's Magic Scroll Emporium.
  3797 | D:5      | Bought a scroll of blinking for 97 gold pieces
  4084 | D:5      | Your scales start taking on a dull iron-grey colour.
  4084 | D:5      | Reached XP level 7. HP: 39/50 MP: 5/13
  4084 | D:5      | Gained mutation: You can survive without breathing. [Grey
                  | Draconian growth]
  4084 | D:5      | Gained mutation: You can survive without breathing, even
                  | under water. [Grey Draconian growth]
  5051 | D:5      | Reached XP level 8. HP: 57/57 MP: 0/15
  5641 | D:4      | Reached skill level 5 in Spellcasting
  6061 | D:6      | Reached * piety under Vehumet
  6061 | D:6      | Offered knowledge of Freeze by Vehumet.
  6182 | D:6      | Found an ancient bone altar of Kikubaaqudgha.
  6306 | D:6      | Reached skill level 5 in Conjurations
  7117 | D:6      | Reached XP level 9. HP: 50/62 MP: 12/17
  7192 | D:6      | Reached ** piety under Vehumet
  7192 | D:6      | Offered knowledge of Static Discharge by Vehumet.
  7374 | D:6      | Offered knowledge of Stone Arrow by Vehumet.
  7454 | D:6      | Learned a level 3 spell: Stone Arrow
  7489 | D:6      | Reached *** piety under Vehumet
  7566 | D:6      | Reached skill level 1 in Earth Magic
  7786 | D:6      | Offered knowledge of Olgreb's Toxic Radiance by Vehumet.
  7790 | D:6      | Reached skill level 2 in Earth Magic
  8030 | D:6      | Found a hazy altar of Hepliaklqana.
  8122 | D:6      | Learned a level 4 spell: Olgreb's Toxic Radiance
  8383 | D:7      | Reached skill level 3 in Earth Magic
  8601 | D:7      | Reached skill level 4 in Earth Magic
  8908 | D:7      | Found a blossoming altar of Fedhas.
  9117 | D:8      | Reached skill level 5 in Earth Magic
  9169 | D:8      | Reached **** piety under Vehumet
  9345 | D:8      | Offered knowledge of Iskenderun's Mystic Blast by Vehumet.
  9347 | D:8      | Reached skill level 6 in Earth Magic
  9854 | D:8      | Reached skill level 7 in Earth Magic
  9980 | D:8      | Found a shimmering altar of Xom.
  9981 | D:8      | Found a shimmering altar of Xom.
  9981 | D:8      | Found a shimmering altar of Xom.
 10663 | D:10     | Entered Level 10 of the Dungeon
 10681 | D:9      | Reached XP level 10. HP: 22/69 MP: 9/20
 10771 | D:9      | Reached skill level 8 in Earth Magic
 10966 | D:9      | Reached skill level 9 in Earth Magic
 11372 | D:9      | Noticed an elephant
 11379 | D:9      | Reached skill level 10 in Earth Magic
 11550 | D:9      | Found a staircase to the Lair.
 11555 | D:9      | Killed an elephant
 11556 | D:9      | Reached skill level 11 in Earth Magic
 11663 | D:9      | Noticed Erica
 11676 | D:9      | Killed Erica
 11677 | D:9      | Reached skill level 12 in Earth Magic
 11965 | D:9      | Found a shimmering blue altar of Sif Muna.
 12046 | D:9      | Identified Sif Muna's Collected Works on Companions
 12810 | D:10     | Reached XP level 11. HP: 53/74 MP: 15/21
 12849 | D:10     | Reached ***** piety under Vehumet
 12850 | D:10     | Reached skill level 1 in Shields
 12874 | D:10     | Offered knowledge of Iskenderun's Battlesphere by Vehumet.
 13531 | D:10     | Reached skill level 13 in Earth Magic
 13715 | D:10     | Noticed a purple ugly thing
 13798 | Lair:1   | Entered Level 1 of the Lair of Beasts
 14448 | Lair:1   | Noticed an oklob plant
 14448 | Lair:1   | Noticed an oklob plant
 14448 | Lair:1   | Noticed an oklob plant
 14932 | Lair:2   | Noticed a seven-headed hydra
 14992 | Lair:2   | Noticed a six-headed hydra
 15064 | Lair:2   | Noticed a seven-headed hydra
 15072 | Lair:2   | Killed a seven-headed hydra
 15210 | Lair:2   | Killed a six-headed hydra
 15211 | Lair:2   | Reached skill level 14 in Earth Magic
 15514 | Lair:2   | Killed a seven-headed hydra
 15663 | Lair:2   | Reached skill level 15 in Earth Magic
 16221 | Lair:1   | Reached XP level 12. HP: 46/81 MP: 3/22
 16465 | Lair:1   | Reached skill level 16 in Earth Magic
 17413 | Lair:3   | Found a staircase to the Snake Pit.
 17413 | Lair:3   | Noticed an eight-headed hydra
 17423 | Lair:3   | Killed an eight-headed hydra
 17812 | Lair:4   | Reached skill level 17 in Earth Magic
 18032 | Lair:4   | Reached skill level 1 in Fighting
 18838 | Lair:4   | Found a staircase to the Swamp.
 18866 | Lair:4   | Offered knowledge of Conjure Ball Lightning by Vehumet.
 19248 | Lair:4   | HP: 2/91 [cane toad (23)]
 19388 | Lair:4   | Identified a scroll of acquirement
 19388 | Lair:4   | Acquired a book of Fire
 19480 | Lair:4   | Learned a level 6 spell: Starburst
 19635 | Lair:5   | Noticed a six-headed hydra
 19644 | Lair:5   | Killed a six-headed hydra
 19719 | Lair:5   | Found a staircase to the Slime Pits.
 19729 | Lair:5   | Reached skill level 5 in Fighting
 20014 | Lair:5   | Noticed a boulder beetle
 20047 | Lair:5   | Reached skill level 5 in Dodging
 20341 | Lair:6   | Entered Level 6 of the Lair of Beasts
 20490 | Lair:6   | Found an iron altar of Okawaru.
 20591 | Lair:5   | Identified the +4 bardiche of Generosity {vamp, Dex+3
                  | Stlth+}
 21024 | Lair:6   | Reached XP level 13. HP: 94/102 MP: 13/23
 22462 | Lair:6   | Reached skill level 10 in Fire Magic
 24287 | D:10     | Noticed Sonja
 24610 | D:10     | Noticed Maggie
 24619 | D:10     | Killed Maggie
 24873 | D:10     | Found a staircase to the Orcish Mines.
 25127 | Orc:1    | Entered Level 1 of the Orcish Mines
 25635 | Orc:2    | Entered Level 2 of the Orcish Mines
 25637 | Orc:2    | Noticed Maurice
 26169 | Orc:1    | Offered knowledge of Bolt of Magma by Vehumet.
 26179 | Orc:1    | Learned a level 5 spell: Bolt of Magma
 26516 | Orc:2    | Reached XP level 14. HP: 118/118 MP: 20/26
 26957 | Orc:1    | Killed Maurice
 27011 | Orc:2    | Paralysed by an ogre mage for 7 turns
 27374 | Orc:2    | Paralysed by an ogre mage for 4 turns
 27696 | Orc:2    | Paralysed by an ogre mage for 2 turns
 27746 | Orc:2    | Reached skill level 10 in Fighting
 27945 | Orc:2    | Found Emnafac's Assorted Antiques.
 27945 | Orc:2    | Found Ybill's Antique Armour Boutique.
 27946 | Orc:2    | Found Reelat's Magic Scroll Boutique.
 27946 | Orc:2    | Found Cupha's Jewellery Emporium.
 28005 | Orc:2    | Bought a scroll of teleportation for 93 gold pieces
 28005 | Orc:2    | Bought a potion of heal wounds for 155 gold pieces
 28005 | Orc:2    | Bought a puce potion for 27 gold pieces
 28005 | Orc:2    | Bought a sedimented green potion for 27 gold pieces
 28072 | Orc:2    | Found a staircase to the Elven Halls.
 28539 | D:5      | Bought a scroll of acquirement for 676 gold pieces
 28539 | D:5      | Acquired 1240 gold pieces
 28698 | Orc:2    | Bought 2 scrolls of magic mapping for 119 gold pieces
 28698 | Orc:2    | Bought a scroll of identify for 34 gold pieces
 28698 | Orc:2    | Bought a scroll of identify for 34 gold pieces
 28698 | Orc:2    | Bought 2 scrolls of identify for 68 gold pieces
 29832 | D:11     | Offered knowledge of Eringya's Noxious Bog by Vehumet.
 30891 | D:11     | Reached skill level 10 in Dodging
 31302 | D:12     | Noticed Urug
 31306 | D:12     | Killed Urug
 31307 | D:12     | Reached XP level 15. HP: 123/127 MP: 15/28
 31595 | D:12     | You fall into a shaft and drop 1 floor!
 31611 | D:13     | Noticed Erolcha
 32017 | D:13     | Killed Erolcha
 32398 | D:13     | Found a runed translucent door.
 32410 | D:13     | Noticed a fire giant
 32794 | D:13     | Noticed a sphinx
 32796 | D:13     | Paralysed by a sphinx for 6 turns
 32804 | D:13     | Killed a sphinx
 33103 | D:12     | Learned a level 5 spell: Lee's Rapid Deconstruction
 33172 | Elf:1    | Entered Level 1 of the Elven Halls
 34059 | Elf:1    | Found Pikhol's Magic Scroll Shop.
 34067 | Elf:1    | Bought a scroll of teleportation for 48 gold pieces
 34067 | Elf:1    | Bought a scroll of amnesia for 56 gold pieces
 34096 | Elf:1    | Found a radiant altar of Vehumet.
 34586 | Elf:1    | Identified the Grimoire of Unholy Secrets
 35180 | Elf:1    | Reached skill level 15 in Fire Magic
 35294 | Elf:1    | Learned a level 8 spell: Ignition
 35425 | Elf:2    | Found Joekodghe's Magic Scroll Shoppe.
 35453 | Elf:2    | Bought a scroll of magic mapping for 38 gold pieces
 35453 | Elf:2    | Bought a scroll of magic mapping for 38 gold pieces
 35453 | Elf:2    | Bought a scroll of teleportation for 33 gold pieces
 35469 | Elf:2    | Found a ruined gateway.
 35948 | Elf:2    | Reached XP level 16. HP: 135/135 MP: 14/29
 36378 | Elf:2    | Identified the +2 cloak "Rafuvit" {Drain rElec rF+ Int+4}
 36471 | Elf:2    | Found a huge runed translucent gate.
 36471 | Elf:2    | Found a huge runed translucent gate.
 36471 | Elf:2    | Found a huge runed translucent gate.
 36471 | Elf:2    | Found a huge runed translucent gate.
 36482 | Elf:2    | Found a huge runed translucent gate.
 36750 | Elf:2    | Offered knowledge of Iron Shot by Vehumet.
 37038 | Swamp:1  | Entered Level 1 of the Swamp
 37463 | Swamp:1  | Noticed Jorgrun
 37754 | Swamp:1  | Killed Jorgrun
 38645 | Swamp:1  | Learned a level 6 spell: Iron Shot
 39779 | Swamp:3  | Identified the +7 dagger of the Seer {flame, +Rage rCorr
                  | Dex+7 Stlth+}
 40117 | Swamp:4  | Entered Level 4 of the Swamp
 40122 | Swamp:4  | Reached skill level 10 in Spellcasting
 40346 | Swamp:4  | Reached XP level 17. HP: 118/144 MP: 31/31
 40347 | Swamp:4  | Offered knowledge of Yara's Violent Unravelling by Vehumet.
 40349 | Swamp:4  | Reached skill level 18 in Earth Magic
 41087 | Swamp:4  | Noticed the 27-headed Lernaean hydra
 41240 | Swamp:4  | Killed the 27-headed Lernaean hydra
 41374 | Swamp:4  | Got a decaying rune of Zot
 41986 | Snake:1  | Entered Level 1 of the Snake Pit
 43739 | Snake:1  | Found Sefeosme's Armour Emporium.
 43862 | Snake:2  | Offered knowledge of Spellforged Servitor by Vehumet.
 43977 | Snake:2  | Reached skill level 15 in Fighting
 44050 | Snake:2  | Reached skill level 1 in Staves
 44633 | D:13     | Reached XP level 18. HP: 163/163 MP: 27/32
 44747 | D:14     | Noticed Nessos
 44751 | D:14     | Killed Nessos
 44873 | D:14     | Reached skill level 5 in Staves
 44958 | D:14     | Found the +8 glaive of the Guard {elec, spectral, AC+5}
 45125 | D:14     | Found a runed translucent gate.
 45125 | D:14     | Found a runed translucent gate.
 45125 | D:14     | Found a runed translucent gate.
 45128 | D:14     | Found an ancient bone altar of Kikubaaqudgha.
 45128 | D:14     | Noticed a lich
 45128 | D:14     | Noticed a lich
 45128 | D:14     | Noticed SJWr's ghost (journeyman TrMo)
 45128 | D:14     | Noticed a lich
 45129 | D:14     | Noticed Xisuv's ghost (journeyman MiDe)
 45450 | D:14     | Found a hide-covered altar of Uskayaw.
 45458 | D:14     | Identified the +12 dagger "Wuxocwod" {distort, rF+}
 46267 | D:14     | Found a gate to the Vaults.
 46417 | D:15     | Entered Level 15 of the Dungeon
 46603 | D:15     | Noticed Azrael
 46608 | D:15     | Killed Azrael
 46708 | D:15     | Found a staircase to the Depths.
 46721 | D:15     | Reached ****** piety under Vehumet
 47165 | D:15     | Noticed Louise
 47182 | D:15     | Killed Louise
 47405 | D:15     | Reached skill level 10 in Staves
 47600 | D:15     | Offered knowledge of Fire Storm by Vehumet.
 47600 | D:15     | Offered knowledge of Shatter by Vehumet.
 47600 | D:15     | Offered knowledge of Tornado by Vehumet.
 47716 | D:15     | Learned a level 9 spell: Shatter
 48087 | D:15     | Noticed Roxanne
 48131 | D:15     | Found Fyingoq's Magic Scroll Boutique.
 48139 | D:15     | Bought a scroll of blinking for 112 gold pieces
 48479 | Snake:1  | Reached skill level 19 in Earth Magic
 48756 | Snake:2  | Found Hommiang's Jewellery Shoppe.
 48758 | Snake:2  | Found Nepoedghu's Magic Scroll Emporium.
 48766 | Snake:2  | Bought a scroll of blinking for 142 gold pieces
 48766 | Snake:2  | Bought a scroll of teleportation for 57 gold pieces
 48766 | Snake:2  | Bought a scroll of teleportation for 57 gold pieces
 48766 | Snake:2  | Bought a scroll of magic mapping for 66 gold pieces
 49002 | Snake:2  | Identified the +0 scale mail of Asceticism {Rampage +Inv}
 49349 | Snake:2  | Noticed Kirke
 49385 | Snake:2  | HP: 2/163 [black mamba (19)]
 49386 | Snake:1  | Succumbed to a black mamba's poison

Illustrated notes

Levels and vault maps discovered:
D:1:      scummos_arrival_star, layout_rooms
D:2:      layout_rooms, chequers_serial_rivers_small_3
D:3:      layout_loops_cross, lemuel_crystal_altar
D:4:      layout_rooms, kennysheep_little_box, grunt_qazlal_clouds,
          minmay_temple_entry_trees
D:5:      layout_loops_corners, serial_shops, shop_scrolls, st_stairs_12,
          grunt_ministairs_15, minivault_14, kennysheep_dice
D:6:      minmay_goblin_kobold_castle, layout_rooms,
          nicolae_overflow_crystal_walls, marbit_many_paths
D:7:      layout_cave_pools, fedhas_altar_fruit_tree
D:8:      layout_loops_corners, xom_shifter_show, minivault_27,
          minmay_diced_spiral
D:9:      layout_loops_ring, led_sif_book, david_lair_generic, uniq_erica
D:10:     layout_basic, erik_orc_2, enter_bailey_3, serial_park_tiny_pond,
          uniq_sonja, uniq_maggie
D:11:     hangedman_cross_cluster, layout_gridville, serial_bayou_lagoon_a,
          minivault_20
D:12:     layout_basic, uniq_urug
D:13:     layout_cave_pools, hangedman_decor_clover_reticule, minivault_13,
          uniq_erolcha
D:14:     minmay_guarded_unrand_guard, layout_loops_corners,
          hangedman_vaults_entry_quadrant_bands, nicolae_uskayaw_dance_hall,
          gammafunk_ghost_crypt, uniq_nessos
D:15:     gammafunk_depths_entry_grave, layout_loops_ring, kennysheep_doodads,
          serial_shops, nicolae_shop_window_shopping, uniq_roxanne, uniq_louise,
          uniq_azrael
Temple:   nicolae_temple_great_sept
Lair:1:   layout_loops_ring, minmay_lair_oklob_chamber,
          infiniplex_staircase_pool, grunt_megastairs_3, serial_bayou_shore_b
Lair:2:   layout_roguey, hangedman_lair_unloving_vines, lemuel_fruit_fields
Lair:3:   layout_chaotic_city, dummy_snake_entry
Lair:4:   layout_big_grid, minmay_swamp_entry_worms, grunt_megastairs_2
Lair:5:   layout_layer_cave, nicolae_slime_entry_slimehenge
Lair:6:   evilmike_catoblepas_cave, layout_gridlike, basic_altar,
          lemuel_fruit_fields
Swamp:1:  layout_falls_marsh, evilmike_swamp_ruin_house_4, swamp_pool3,
          uniq_jorgrun
Swamp:2:  layout_basic_swamp, evilmike_swamp_ruin_house_2
Swamp:3:  layout_basic_swamp, serial_swamp_ruin, evilmike_swamp_ruin_house_5,
          evilmike_swamp_ruin_rubble_1, evilmike_swamp_ruin_house_3
Swamp:4:  grunt_swamp_rune_castle, layout_basic_swamp
Snake:1:  layout_gridlike, serial_shops, shop, nicolae_snake_lava_pool
Snake:2:  layout_basic, grunt_megastairs_5, minmay_shoptagon, uniq_kirke
Orc:1:    layout_diamond_mine, basic_altar
Orc:2:    st_orc_ogre_mass, layout_caves, hellmonk_bongcloud_opening,
          uniq_maurice
Elf:1:    layout_loops_cross, serial_shops, nicolae_shop_crystal, basic_altar,
          minmay_elf_necromancy, drop_trap, minivault_15
Elf:2:    layout_gridlike, portal_desolation_entry_nicolae_slug, serial_shops,
          shop, hangedman_elven_pyramids, grunt_ministairs_9, nrook_uturn

Skill      XL: |  1  2  3  4  5  6  7  8  9 10 11 12 13 14 15 16 17 18 |
---------------+-------------------------------------------------------+-----
Fire Magic     | 4 5 6 7 8 9 10 12 15 18 | 18.0
Spellcasting   | 3 4 5 7 8 9 10 | 10.0
Conjurations   | 3 5 6 7 |  7.0
Earth Magic    | 7 12 15 17 18 19 | 19.3
Shields        | 4 |  4.0
Dodging        | 5 7 10 | 10.0
Fighting       | 6 9 10 11 15 | 15.0
Staves         | 2 10 | 10.8
Stealth        | |  1.7

Action                   |  1- 3 |  4- 6 |  7- 9 | 10-12 | 13-15 | 16-18 || total
-------------------------+-------+-------+-------+-------+-------+-------++-------
Melee: Unarmed           |    16 |       |       |       |       |     2 ||    18
       Dagger            |    29 |    38 |     6 |       |       |       ||    73
       Tailslap          |     3 |     8 |     8 |    16 |    28 |     7 ||    70
       Trident           |       |       |    44 |   126 |   213 |       ||   383
       Falchion          |       |       |    10 |       |       |       ||    10
       Staff             |       |       |       |       |       |    56 ||    56
 Cast: Foxfire           |    54 |   119 |   535 |   375 |    79 |       ||  1162
       Stone Arrow       |       |       |       |   265 |   379 |   125 ||   769
       Starburst         |       |       |       |       |    19 |       ||    19
       Bolt of Magma     |       |       |       |       |   171 |   283 ||   454
       Olgreb's Toxic Ra |       |       |       |       |     1 |       ||     1
       Lee's Rapid Decon |       |       |       |       |    32 |   102 ||   134
       Ignition          |       |       |       |       |       |    65 ||    65
       Iron Shot         |       |       |       |       |       |     4 ||     4
Evoke: Wand              |       |       |       |       |     3 |       ||     3
  Use: Scroll            |       |       |       |    22 |    13 |     6 ||    41
       Potion            |       |       |       |     6 |       |       ||     6
 Stab: Sleeping          |       |       |     4 |     1 |     1 |       ||     6
Armor: Skin              |    11 |    27 |   106 |   217 |   192 |   100 ||   653
Dodge: Dodged            |    40 |    45 |   186 |   271 |   298 |   207 ||  1047
Block: Buckler           |       |       |       |    87 |    95 |    50 ||   232
       Reflection        |       |       |       |       |       |     4 ||     4
       Rpst.: Falchion   |       |       |    21 |       |       |       ||    21

Table legend: (Time is in decaauts)
 A = Elapsed time spent in this place.
 B = Non-inter-level travel time spent in this place.
 C = Inter-level travel time spent in this place.
 D = Time resting spent in this place.
 E = Time spent auto-exploring this place.
 F = Levels seen in this place.
 G = Mean time per level.
                   A        B        C        D        E       F      G
               +--------+--------+--------+--------+--------+-----+--------+
         Total |  49679 |  46229 |   3450 |   4218 |  34482 |  32 | 1552.5 |
       Dungeon |  23508 |  21901 |   1607 |    912 |  17567 |  15 | 1567.2 |
        Temple |    125 |     78 |     47 |      0 |     76 |   1 |  125.0 |
          Lair |  11677 |  10828 |    849 |   1383 |   7741 |   6 | 1946.2 |
         Swamp |   4377 |   4071 |    306 |    627 |   2746 |   4 | 1094.2 |
     Snake Pit |   3091 |   2871 |    220 |    176 |   2185 |   2 | 1545.5 |
  Orcish Mines |   3175 |   2848 |    327 |    654 |   1697 |   2 | 1587.5 |
   Elven Halls |   3722 |   3631 |     91 |    466 |   2470 |   2 | 1861.0 |
               +--------+--------+--------+--------+--------+-----+--------+

Top non-repeatable levels by time:
     D:9: 2582 daAuts
     D:6: 2473 daAuts
  Lair:4: 2435 daAuts
  Lair:1: 2368 daAuts
 Snake:1: 2319 daAuts
   Elf:1: 2286 daAuts
   Orc:1: 2271 daAuts
    D:11: 2261 daAuts
  Lair:6: 2249 daAuts
     D:5: 2096 daAuts
    D:14: 1972 daAuts
    D:10: 1966 daAuts
 Swamp:3: 1937 daAuts
  Lair:5: 1846 daAuts
     D:8: 1659 daAuts
